 Dungeon Crawl Stone Soup version 0.30-a0-377-g5cb311bc9f (webtiles) character file.

Game seed: 8897702568109089549

756 pascalblue the Firebug (level 7, -1/36 HPs)
             Began as a Deep Elf Fire Elementalist on Nov 30, 2022.
             Was an Initiate of Vehumet.
             Constricted to death by Edmund (6 damage)
             ... on level 4 of the Dungeon.
             The game lasted 00:16:04 (4670 turns).

pascalblue the Firebug (Deep Elf Fire Elementalist) Turns: 4670, Time: 00:16:04

Health: -1/36      AC:  4    Str:  5    XL:     7   Next: 50%
Magic:  11/18      EV:  9    Int: 22    God:    Vehumet [......]
Gold:   207        SH:  0    Dex: 15    Spells: 8/18 levels left

rFire   . . .      SeeInvis .    m - +2 dagger (protect)
rCold   . . .      Faith    .    (no shield)
rNeg    . . .      Spirit   .    a - +2 robe
rPois   .          Reflect  .    (no helmet)
rElec   .          Harm     .    (no cloak)
rCorr   .          Rampage  .    (no gloves)
Will    .....                    (no boots)
Stlth   ++........               (no amulet)
HPRegen 0.26/turn                (no ring)
MPRegen 0.16/turn                (no ring)

@: lethally poisoned (-1 -> -4), grasped by roots, constricted
A: no striking features
a: Renounce Religion


You were on level 4 of the Dungeon.
You worshipped Vehumet.
Vehumet was noncommittal.
You visited 2 branches of the dungeon, and saw 5 of its levels.

You collected 207 gold pieces.

Inventory:

Hand Weapons
 c - a +0 vampiric falchion
 h - a +0 short sword
 k - a +1 trident of venom
 m - a +2 dagger of protection (weapon)
Armour
 a - a +2 robe (worn)
Jewellery
 e - an amulet of faith
 l - a ring of ice
 o - a +6 ring of intelligence
 s - an amulet of guardian spirit
Wands
 f - a wand of acid (7)
Scrolls
 q - a scroll of amnesia
Potions
 b - a potion of magic
 d - 2 potions of flight
 j - a potion of ambrosia
 p - a potion of brilliance
 r - a potion of cancellation


   Skills:
 - Level 2.4 Dodging
 - Level 2.4 Stealth
 + Level 6.0 Spellcasting
 * Level 4.6 Conjurations
 * Level 6.3 Fire Magic
 + Level 2.9 Air Magic


You had 8 spell levels left.
You knew the following spells:

 Your Spells              Type           Power      Damage    Failure   Level
a - Foxfire               Conj/Fire      100%       2x1d9     1%          1
b - Scorch                Fire           68%        2d8       1%          2
c - Kindle Blastsparks    Fire/Tloc/Air  40%        2d13      8%          3
d - Flame Wave            Conj/Fire      30%        2d9       10%         4

Your spell library contained the following spells:

 Spells                   Type           Power      Damage    Failure   Level
 Inner Flame              Hex/Fire       20%        N/A       8%          3
 Apportation              Tloc           12%        N/A       9%          1
 Alistair's Intoxication  Tmut/Pois      4%         N/A       94%         5


Dungeon Overview and Level Annotations

Branches:
Dungeon (4/15)             Temple (1/1) D:4

Altars:
Ashenzari
Dithmenos
Elyvilon
Fedhas
Hepliaklqana
Kikubaaqudgha
Okawaru
Qazlal
Ru
Trog
Uskayaw
Vehumet
Wu Jian
Xom
Yredelemnul
Zin
The Shining One

Shops:
D:2 !(**!

Annotations:
D:4 Edmund


Message History

You feel very sick.
Edmund zaps a wand.
The roots erupt in riotous growth!
The grasping roots grab you!
Edmund is unaffected.
The grasping roots constrict you.
Casting: Scorch (safe; 1% risk of failure)
Confirm with . or Enter, or press ? or * to list all spells.
Flames lash Edmund.
Edmund is burned terribly!
Edmund is moderately wounded.
You feel very sick. Edmund hits you but does no damage.
You are lethally poisoned!
The grasping roots constrict you.
* * * LOW HITPOINT WARNING * * *
You feel better.
Edmund hits you with a +0 flail of venom.
* * * LOW HITPOINT WARNING * * *
The grasping roots constrict you.
* * * LOW HITPOINT WARNING * * *
The grasping roots release their grip on you.
You feel much better.
Edmund hits you with a +0 flail of venom!
You are poisoned.
Casting: Scorch (safe; 1% risk of failure)
Confirm with . or Enter, or press ? or * to list all spells.
Flames lash Edmund.
Edmund is burned terribly!
Edmund is moderately wounded.
You feel sick.
Edmund zaps a wand.
The roots erupt in riotous growth!
The grasping roots grab you!
Edmund is unaffected.
The grasping roots constrict you!
* * * LOW HITPOINT WARNING * * *
As you read the scroll of fear, it crumbles to dust.
You assume a fearsome visage.
Edmund looks frightened!
You feel sick. The grasping roots constrict you.
* * * LOW HITPOINT WARNING * * *
Casting: Scorch (safe; 1% risk of failure)
Confirm with . or Enter, or press ? or * to list all spells.
Flames lash Edmund but do no damage.
Your attack snaps Edmund out of his fear.
You feel sick. The grasping roots constrict you.
You die...

####.....# #.#######
##8####### ##.......#
8...8## ##...####.#
......#####.....###.###
.._...8#...............
......#######..####.###
8...8## #.<# ##.###
#..####.# #.# #...@@..#
##.# #.####### #..# #.##
#.###########..#
#.##.§§........#
.....§≈§≈≈≈≈≈≈.# ########
##.#.§§......≈.###......#
##.#.≈.≈≈≈≈≈.≈.##...###.#
##.#.≈.≈.....≈.#.....##.###


You could see Edmund (combustible).

Vanquished Creatures
  Eustachio (D:4)
  A phantom (D:4)
  2 necrophages
  2 quasits (D:4)
  An orc priest (D:3)
  Ijyb (D:4)
  2 orc wizards (D:4)
  Terence (D:2)
  Robin (D:2)
  5 adders
  2 shadow imps (D:4)
  3 white imps (D:4)
  2 ufetubi (D:4)
  A worm (D:2)
  2 dart slugs
  11 orcs
  8 endoplasms
  4 giant cockroaches
  20 goblins
  9 hobgoblins
  5 jackals
  3 quokkas (D:1)
  7 ball pythons
  7 bats
  3 frilled lizards (D:2)
  5 kobolds
  5 rats
114 creatures vanquished.

Vanquished Creatures (others)
  3 demonic plants (D:4)
  184 foxfires
187 creatures vanquished.

Grand Total: 301 creatures vanquished

Notes
Turn   | Place    | Note
-------+----------+-------------------------------------------
     0 | D:1      | pascalblue the Deep Elf Fire Elementalist began the quest
                  | for the Orb.
     0 | D:1      | Reached XP level 1. HP: 10/10 MP: 6/6
   209 | D:1      | Reached XP level 2. HP: 15/15 MP: 5/8
   401 | D:1      | Found a faded altar of an unknown god.
   678 | D:1      | Reached XP level 3. HP: 18/19 MP: 8/10
   883 | D:2      | Noticed Terence
   891 | D:2      | Learned a level 2 spell: Scorch
   895 | D:2      | Learned a level 3 spell: Kindle Blastsparks
   913 | D:2      | Killed Terence
   999 | D:2      | Found Ostof's Distillery.
  1101 | D:2      | Noticed Robin
  1362 | D:2      | Found Ifuys's Weapon Emporium.
  1383 | D:2      | Reached XP level 4. HP: 24/24 MP: 9/12
  1426 | D:2      | Found Oluumnat's Assorted Antiques.
  1696 | D:2      | Found Goeni's Assorted Antiques.
  1702 | D:2      | Reached skill level 1 in Air Magic
  1910 | D:2      | Found Fikhix's Distillery.
  2379 | D:2      | Killed Robin
  2479 | D:3      | Reached XP level 5. HP: 28/28 MP: 8/13
  2873 | D:3      | Reached skill level 5 in Spellcasting
  2873 | D:3      | Reached skill level 5 in Fire Magic
  2878 | D:3      | Learned a level 4 spell: Flame Wave
  3237 | D:4      | Reached XP level 6. HP: 29/32 MP: 9/15
  3680 | D:4      | Noticed Eustachio
  3800 | D:4      | Killed Eustachio
  3801 | D:4      | Reached XP level 7. HP: 25/36 MP: 1/17
  3922 | D:4      | Found a staircase to the Ecumenical Temple.
  3931 | Temple   | Entered the Ecumenical Temple
  4017 | Temple   | Became a worshipper of Vehumet
  4070 | D:4      | Noticed Ijyb
  4079 | D:4      | Killed Ijyb
  4417 | D:4      | Found an iron altar of Okawaru.
  4633 | D:4      | Found an ornate altar of the Wu Jian Council.
  4660 | D:4      | Noticed Edmund
  4670 | D:4      | Constricted to death by Edmund

Illustrated notes

Levels and vault maps discovered:
D:1:      eino_arrival_cavern_a, layout_rooms,
          shapermc_ecumenical_altar_pompeii, minmay_crystal_room,
          minmay_crystal_water
D:2:      layout_basic, serial_shops, shop, nicolae_diamond_shop, shop, shop,
          shop, grunt_ministairs_15, uniq_terence, uniq_robin
D:3:      layout_loops_ring
D:4:      layout_loops_corners, mainiacjoe_overflow_concentric_impassable,
          nzn_wu_jian_council_hall, minmay_temple_entry_statues_pillars,
          serial_demonic, serial_demonic_c, serial_demonic_f, serial_demonic_d,
          serial_demonic_d, serial_demonic_b, serial_demonic_e, uniq_ijyb,
          uniq_edmund, uniq_eustachio
Temple:   lightli_temple_of_artemis

Skill      XL: |  1  2  3  4  5  6  7 |
---------------+----------------------+-----
Fire Magic     | 4 5 6 |  6.3
Conjurations   | 2 3 4 |  4.6
Spellcasting   | 4 5 6 |  6.0
Air Magic      | 1 2 |  2.9
Dodging        | |  2.4
Stealth        | |  2.4

Action                   |  1- 3 |  4- 6 |  7- 9 || total
-------------------------+-------+-------+-------++-------
Melee: Short sword       |     3 |       |       ||     3
       Trident           |     1 |       |       ||     1
       Dagger            |       |     7 |     1 ||     8
 Cast: Foxfire           |    44 |    52 |    25 ||   121
       Scorch            |    13 |    44 |    17 ||    74
  Use: Scroll            |       |    13 |     2 ||    15
       Potion            |       |     1 |     2 ||     3
Armor: Robe              |    11 |    12 |     5 ||    28
Dodge: Dodged            |    54 |    37 |    12 ||   103

Table legend: (Time is in decaauts)
 A = Elapsed time spent in this place.
 B = Non-inter-level travel time spent in this place.
 C = Inter-level travel time spent in this place.
 D = Time resting spent in this place.
 E = Time spent auto-exploring this place.
 F = Levels seen in this place.
 G = Mean time per level.
                   A        B        C        D        E       F      G
               +--------+--------+--------+--------+--------+-----+--------+
         Total |   4677 |   4571 |    106 |    232 |   3400 |   5 |  935.4 |
       Dungeon |   4577 |   4485 |     92 |    232 |   3322 |   4 | 1144.2 |
        Temple |    100 |     86 |     14 |      0 |     78 |   1 |  100.0 |
               +--------+--------+--------+--------+--------+-----+--------+

Top non-repeatable levels by time:
     D:2: 1530 daAuts
     D:4: 1369 daAuts
     D:1: 935 daAuts
     D:3: 741 daAuts
  Temple: 100 daAuts
